oh6, lawful female human Knight ; g L H B R ; a V @ A SS @ ; ; ; g W @ @ g ;; o o o o ; ; oh6 the Knight Experience level: 16 Strength: 18/26 Dexterity: 18 Constitution: 18 Intelligence: 13 Wisdom: 18 Charisma: 17 Health: 136(136) Energy: 163(163) Def: 41 Gold: 0 Moves: 35899 Dungeon seed: -13aduz0TZHwvMs0 Game ID: oh6_1466982862 Your Inventory: Weapons a - the blessed +5 Grayswandir (weapon in hand) d - the blessed rustproof +1 Excalibur i - a blessed rusty +2 dagger B - 3 blessed +2 daggers (in quiver) Armor C - a blessed +3 elven cloak (being worn) G - a blessed +4 pair of leather gloves (being worn) H - a blessed +3 orcish helm (being worn) M - an uncursed +3 dwarvish mithril-coat (being worn) N - a blessed +3 elven shield (being worn) W - a blessed +4 pair of water walking boots (being worn) Comestibles m - an uncursed lizard corpse p - an uncursed lump of royal jelly Rings g - an uncursed ring of regeneration s - an uncursed ring of slow digestion u - an uncursed ring of sustain ability J - an uncursed ring of teleportation Q - an uncursed ring of teleport control Wands f - a wand of sleep (0:4) j - a wand of digging (0:2) o - a wand of digging (0:6) D - a wand of teleportation (0:2) O - a wand of digging (0:4) T - a wand of lightning (0:5) Tools e - a +0 unicorn horn h - an uncursed leather drum k - an uncursed skeleton key l - an uncursed leash n - a blessed bag of holding q - a +0 pick-axe t - an uncursed magic whistle v - an uncursed pair of lenses w - an uncursed towel (being worn) y - an uncursed magic lamp (lit) z - an uncursed magic whistle S - an uncursed mirror Y - the blessed Magic Mirror of Merlin Gems L - a blessed luckstone Contents of the bag of holding: 4006 gold pieces an uncursed amulet versus poison the rustproof +0 Frost Brand 2 +0 darts a +1 elven dagger 3 +0 elven daggers a +1 lance a +0 long sword a cursed -1 cloak of displacement an uncursed +0 elven cloak an uncursed +0 elven leather helm an uncursed +0 pair of elven boots an uncursed -1 pair of levitation boots 8 uncursed food rations 2 uncursed lembas wafers an uncursed lizard corpse 2 uncursed slime molds a cursed scroll of confuse monster an uncursed scroll of identify 3 uncursed scrolls of magic mapping a blessed scroll of stinking cloud an uncursed scroll of teleportation 10 cursed scrolls of teleportation an uncursed spellbook of detect monsters an uncursed spellbook of fireball a cursed potion of extra healing an uncursed potion of fruit juice a cursed potion of gain ability a blessed potion of object detection an uncursed potion of water an uncursed ring of polymorph an uncursed ring of polymorph control an uncursed ring of regeneration a wand of cold (0:6) a wand of digging (0:4) a wand of digging (0:2) a wand of digging (0:2) a wand of fire (0:2) a wand of sleep (0:4) an uncursed bugle an expensive camera (0:43) a +0 unicorn horn 5 uncursed amethyst stones 2 uncursed aquamarine stones an uncursed chrysoberyl stone 5 uncursed diamonds 5 uncursed emeralds an uncursed fluorite stone an uncursed obsidian stone 6 uncursed rubies a blessed touchstone Spells and supernatural/magical abilities: Name Level Category Fail Memory a - force bolt 1 attack 100% 86% h - healing 1* healing 100% 0% j - jumping 1* escape 100% 0% m - magic missile 2 attack 100% 64% n - detect monsters 1 divination 100% 65% s - slow monster 2 enchantment 100% 70% u - confuse monster 2 enchantment 100% 39% B - cure blindness 2 healing 100% 39% C - cancellation 6* matter 100% 0% I - identify 3 divination 100% 86% W - pray for help -- divine ? -- X - turn undead -- divine ? -- Your skills at the end: Fighting Skills two weapon combat [Skilled] riding [Basic] wands [Skilled] Weapon Skills dagger [Basic] long sword [Expert] saber [Skilled] lance [Basic] Spellcasting Skills Final Attributes: You were piously aligned. You were fire resistant. You were cold resistant. You were sleep resistant. You were disintegration-resistant. You were shock resistant. You were poison resistant. You were magic-protected. You resisted hallucinations. You were blinded. You saw invisible. You were telepathic. You were stealthy. You could jump. You could walk on water. You were protected. You were fast. You were very lucky. You had extra luck. Good luck did not time out for you. You are dead. Vanquished creatures: an arch-lich a mastodon Croesus a black dragon a blue dragon a minotaur Ixoth 3 baluchitheria a baby gray dragon a baby green dragon 2 vampire lords a captain a lich a clay golem 2 nurses a nalfeshnee an ettin a black pudding 4 vampires 16 ghosts 3 lieutenants a queen bee a mind flayer 3 giant mimics 2 zruties an ogre king 3 ice trolls 2 rock trolls an umber hulk 2 Elvenkings 2 large mimics 4 stalkers an air elemental 2 fire elementals 3 earth elementals a water elemental a hill giant a giant mummy 3 xorns 11 sergeants a water demon 7 small mimics a glass piercer 2 xans 3 ettin mummies 2 ogre lords 2 quantum mechanics 10 trolls 2 wood golems a shark 2 gelatinous cubes a pyrolisk 3 large dogs 4 freezing spheres 2 flaming spheres 3 shocking spheres 2 large cats a tiger 2 gargoyles a dwarf king 3 tengu 27 ochre jellies a leocrotta 2 energy vortices a mountain centaur 3 elf mummies 2 human mummies a red naga a pit viper a python a cobra 12 wraiths a carnivorous ape 4 ettin zombies a leather golem 73 soldiers a horned devil a succubus an incubus 4 chameleons a crocodile 7 giant beetles 3 quivering blobs 6 cockatrices 3 wolves 2 winter wolf cubs a lynx 3 panthers 3 gremlins 2 spotted jellies 10 leprechauns an orc-captain 3 iron piercers a mumak 8 giant spiders 3 scorpions 3 horses an ice vortex 5 black lights 4 vampire bats 2 forest centaurs 7 gnome kings 3 orc mummies 4 ogres 2 brown puddings 6 rust monsters 4 owlbears 4 yetis 2 gold golems a Green-elf a giant eel 10 lizards a chickatrice 4 dogs 6 dingos 4 housecats a jaguar 8 blue jellies a white unicorn a gray unicorn a black unicorn 2 dust vortices 5 ravens 3 plains centaurs 2 gnome mummies a snake 8 apes 12 human zombies 5 rope golems 5 Woodland-elves 2 soldier ants a fire ant 17 bugbears 3 imps 81 quasits 4 wood nymphs 3 water nymphs 4 mountain nymphs 4 Mordor orcs 25 Uruk-hai 2 orc shamans 6 rock piercers 2 rock moles 2 ponies a fog cloud 3 yellow lights 5 shriekers 3 violet fungi 13 gnome lords 6 gnomish wizards 7 kobold mummies 2 black naga hatchlings 7 gray oozes 6 barrow wights 4 elf zombies 8 ghouls a straw golem a paper golem a baby crocodile 15 giant ants 4 little dogs 8 floating eyes 5 dwarves 4 homunculi 5 kobold lords 3 kobold shamans 8 hill orcs 26 rothes 2 rabid rats 2 centipedes 8 giant bats 7 monkeys 3 orc zombies 23 dwarf zombies 2 wererats 5 werejackals 17 iguanas 26 killer bees 5 acid blobs 8 coyotes 10 gas spores 3 hobbits 14 manes 4 large kobolds 15 hobgoblins 10 giant rats 16 cave spiders 6 brown molds 5 yellow molds 6 green molds 3 red molds 45 gnomes 20 garter snakes 15 gnome zombies 14 geckos 42 jackals 3 foxes 4 kobolds 8 goblins 5 sewer rats 9 grid bugs 13 bats 15 lichens 14 kobold zombies 19 newts 1197 creatures vanquished. Voluntary challenges: You used a wielded weapon 1589 times, starting on turn 56. You read items or engraved 389 times, starting on turn 626. You never genocided any monsters. You polymorphed 1 item, starting on turn 29707. You changed form 10 times, starting on turn 2317. You used no wishes. You never split a pudding. You wrote Elbereth's name 278 times, starting on turn 626. You violated your moral code, losing 114 points of alignment, starting on turn 1872. Dungeon overview: The Dungeons of Doom: levels 1 to 24 Level 1 an altar to Lugh a long staircase Level 2 (vault) a scroll shop Level 3 ( ) Level 4 (vault) a general store stairs to The Gnomish Mines Level 5 a general store Level 6 some fountains Level 7 (stash) an altar to Lugh stairs to Sokoban Level 8 a fountain Level 9 a general store Level 10 a temple to Lugh Level 11 a fountain Level 12 ( ) portal to The Quest Level 13 Level 14 portal to Fort Ludios Level 15 Level 16 Level 17 a fountain Level 18 Level 19 Level 20 Level 21 Level 22 <- You were here Level 23 Level 24 The Gnomish Mines: levels 5 to 12 Level 5 (nymph downstairs) stairs to The Dungeons of Doom Level 6 Level 7 many shops, a temple to Manannan Mac Lir, some fountains Level 8 Level 9 Level 10 Level 11 Level 12 some fountains The Quest: levels 1 to 5 Level 1 portal to The Dungeons of Doom Level 2 Level 3 a temple to Brigit Level 4 Level 5 Sokoban: levels 3 to 6 Level 3 Level 4 Level 5 Level 6 stairs to The Dungeons of Doom Fort Ludios: Level 1 portal to The Dungeons of Doom History has recorded: On T:1 you entered the Dungeons of Doom to retrieve the Amulet of Yendor! On T:95 you reached level 3 of The Dungeons of Doom. On T:152 you reached level 4 of The Dungeons of Doom. On T:355 you reached level 1 of The Gnomish Mines. On T:578 you reached level 5 of The Dungeons of Doom. On T:660 you reached level 2 of The Dungeons of Doom. On T:971 you advanced to experience level 2. On T:1518 you advanced to experience level 3. On T:1872 you advanced to experience level 4. On T:2244 you reached level 6 of The Dungeons of Doom. On T:2629 you advanced to experience level 5. On T:4966 you advanced to experience level 6. On T:6679 you advanced to experience level 7. On T:6734 you reached level 2 of The Gnomish Mines. On T:6859 you reached level 3 of The Gnomish Mines. On T:7377 you reached level 4 of The Gnomish Mines. On T:7434 you reached level 5 of The Gnomish Mines. On T:9148 you advanced to experience level 8. On T:12272 you reached level 7 of The Dungeons of Doom. On T:12926 you reached level 8 of The Dungeons of Doom. On T:13013 you advanced to experience level 9. On T:13330 you reached level 4 of Sokoban. On T:13844 you reached level 3 of Sokoban. On T:14398 you reached level 2 of Sokoban. On T:14797 you reached level 1 of Sokoban. On T:18433 you reached level 9 of The Dungeons of Doom. On T:18856 you reached level 10 of The Dungeons of Doom. On T:19385 you received Grayswandir from Lugh. On T:19613 you advanced to experience level 10. On T:19664 you received Frost Brand from Lugh. On T:20044 you reached level 11 of The Dungeons of Doom. On T:20293 you reached level 12 of The Dungeons of Doom. On T:20787 you reached level 13 of The Dungeons of Doom. On T:20815 you reached level 1 of The Quest. On T:21179 you advanced to experience level 11. On T:21307 you advanced to experience level 12. On T:21567 you reached level 14 of The Dungeons of Doom. On T:21839 you advanced to experience level 13. On T:22017 you advanced to experience level 14. On T:22135 you advanced to experience level 15. On T:22154 you reached Fort Ludios. On T:25602 you advanced to experience level 16. On T:26305 you killed Croesus in Fort Ludios. On T:28202 you advanced to experience level 17. On T:28498 you embarked upon an epic quest. On T:28526 you reached level 2 of The Quest. On T:28648 you reached level 3 of The Quest. On T:28816 you reached level 4 of The Quest. On T:28972 you reached level 5 of The Quest. On T:29032 you killed Ixoth on level 5 of The Quest. On T:29483 you completed the quest! On T:30342 you received advice from The Oracle. On T:30625 you reached level 6 of The Gnomish Mines. On T:30899 you reached level 7 of The Gnomish Mines. On T:31423 you reached level 8 of The Gnomish Mines. On T:33533 you reached level 15 of The Dungeons of Doom. On T:33534 you reached level 18 of The Dungeons of Doom. On T:33573 you reached level 19 of The Dungeons of Doom. On T:33649 you reached level 17 of The Dungeons of Doom. On T:33732 you reached level 16 of The Dungeons of Doom. On T:35081 you reached level 20 of The Dungeons of Doom. On T:35160 you reached level 21 of The Dungeons of Doom. On T:35373 you reached level 23 of The Dungeons of Doom. On T:35587 you advanced to experience level 16. On T:35709 you reached level 24 of The Dungeons of Doom. On T:35897 you reached level 22 of The Dungeons of Doom. Score breakdown: Gold: 4006 (12255 points) Experience: 16 levels (21575 points) Exploration: 24 levels ( 48.98%) (20766 points) Discoveries: 125 items ( 50.20%) (21255 points) Valuables value: (no points given unless you survive) Artifact value: 13500 (14050 points) Variety of kills: 205 monsters ( 53.52%) (21948 points) Turncount: 35899 turns (-4266 points) Survival: died (score multiplied by 80%) Total score: 86066 Latest messages: You are now wielding your Grayswandir. You see here 40 rocks. You displace your kitten. You can't see any more. You are now wearing a towel around your head. S - a mirror. You can't see! (You can feel around with 'grope', typically on ^G.) (2x) Medusa seems not to notice you. You caitiff! You hit Medusa. Medusa meets Medusa's gaze. You turn to stone... Final status: Fare thee well oh6 the Knight, petrified by catching the eye of Medusa... You turned to stone in The Dungeons of Doom on dungeon level 22 with 86066 points, and 4006 pieces of gold, after 35899 moves. You were level 16 with a maximum of 136 hit points when you turned to stone.